 Dungeon Crawl Stone Soup version 0.23.2-33-g5129a83184 (webtiles) character file.

Game seed: 12518855633409181693

38 Kold the Insei (level 3, 0/23 HPs)
             Began as an Octopode Transmuter on July 23, 2019.
             Slain by an ooze (2 damage)
             ... on level 1 of the Dungeon.
             The game lasted 00:01:55 (836 turns).

Kold the Insei (Octopode Transmuter)                 Turns: 836, Time: 00:01:56

Health: 0/23       AC:  1    Str: 10    XL:     3   Next: 43%
Magic:  5/6        EV: 13    Int: 15    God:
Gold:   55         SH:  0    Dex: 12    Spells: 5/6 levels left

rFire    . . .     SeeInvis +     - Unarmed
rCold    . . .     Gourm    .   (no shield)
rNeg     . . .     Faith    .   (helmet restricted)
rPois    .         Spirit   .   (no amulet)
rElec    .         Reflect  .   f - ring of see invisible
rCorr    .         Harm     .   h - ring of stealth
MR       .....                  (no ring)
Stlth    ++++......             (no ring)
HPRegen  0.07/turn              (no ring)
MPRegen  0.10/turn              (no ring)
                                (no ring)
                                (no ring)

@: appendage (expiring)
A: almost no armour, stealthy swim, amphibious, 8 rings, constrict 8, tentacle
spike 3, camouflage 1, gelatinous body 1
a: End Transformation


You were on level 1 of the Dungeon.
You were not hungry.
One of your tentacles had a temporary spike.
You visited 1 branch of the dungeon, and saw 2 of its levels.

You collected 55 gold pieces.

Inventory:

Missiles
 a - 12 arrows
Jewellery
 f - a ring of see invisible (left tentacle)
 h - a ring of stealth (right tentacle)
Scrolls
 d - a scroll of identify {unknown}
 e - 5 scrolls of teleportation {unknown}
 k - a scroll of remove curse {unknown}
Potions
 b - a potion of ambrosia {unknown}
 i - 2 potions of flight {unknown}
 j - a potion of brilliance {unknown}
Comestibles
 c - 4 rations


   Skills:
 - Level 1.0 Fighting
 + Level 2.3 Dodging
 + Level 1.2 Stealth
 + Level 3.6 Unarmed Combat
 - Level 2.1 Spellcasting
 + Level 2.4 Transmutations


You had 5 spell levels left.
You knew the following spells:

 Your Spells              Type           Power        Failure   Level  Hunger
a - Beastly Appendage     Tmut           #.....       9%          1    #......

Your spell library contained the following spells:

 Spells                   Type           Power        Failure   Level  Hunger
 Sticks to Snakes         Tmut           #.......     12%         2    ###....
 Spider Form              Tmut/Pois      #.........   36%         3    ###....
 Ice Form                 Ice/Tmut       #.......     78%         4    #####..
 Blade Hands              Tmut           #.........   92%         5    ######.


Dungeon Overview and Level Annotations

Branches:
Dungeon (2/15)

Altars:


Innate Abilities, Weirdness & Mutations

You cannot wear most types of armour.
You are very stealthy in the water. (Stealth+)
You are amphibious.
You can wear up to eight rings at the same time.
You can use your tentacles to constrict eight enemies at once.
Your skin changes colour to match your surroundings (Stealth+).
Your rubbery body absorbs attacks. (AC +1, EV +1)
One of your tentacles bears a large vicious spike.


Message History

You tentacle-slap the giant cockroach but do no damage.
You grab the giant cockroach. You constrict the giant cockroach.
The giant cockroach closely misses you.
You tentacle-slap the giant cockroach but do no damage.
The giant cockroach is moderately wounded.
You constrict the giant cockroach. The giant cockroach bites you.
* * * LOW HITPOINT WARNING * * *
You tentacle-slap the giant cockroach.
You kill the giant cockroach!
Your transformation is almost over.
You tentacle-slap the ooze.
You pierce the ooze, but do no damage.
The ooze is moderately wounded.
The ooze barely misses you.
You tentacle-slap the ooze but do no damage.
The ooze is moderately wounded.
The ooze barely misses you.
You tentacle-slap the ooze.
The ooze is heavily wounded.
The ooze hits you.
You die...

#.#.#.## #..#.....#.
#######..###.###.#.####...
#.......## ##.#...........
#.#####..###.......####..#
#.# #.#.#.#.......###.##
#.# ##.##...........##..#
#.# ##...##...............
#.###.....#..........##.#.
#.##...>.@J.......>...#.#.
#.###.....###......##.#.#.
#.# ##...## #.#...###.#.#.
#.#####.#####.#.### #.#.##
#...........(.#.# #.#.#
#######.#######.#####.#.#
#.# #.........# ###.###
#.#####.#### #.....#
#.#####.###.


You could see an ooze.

Vanquished Creatures
  3 oozes
  4 giant cockroaches (D:1)
  3 goblins
  2 hobgoblins (D:1)
  4 jackals (D:1)
  3 bats (D:1)
  A frilled lizard (D:1)
  2 kobolds (D:1)
  2 rats (D:1)
24 creatures vanquished.

Notes
Turn   | Place    | Note
-------+----------+-------------------------------------------
     0 | D:1      | Kold the Octopode Transmuter began the quest for the Orb.
     0 | D:1      | Reached XP level 1. HP: 13/13 MP: 3/3
     1 | D:1      | Found a runed translucent door.
    44 | D:1      | Reached XP level 2. HP: 17/18 MP: 5/5
   711 | D:1      | Reached XP level 3. HP: 13/23 MP: 6/6
   727 | D:2      | Reached skill level 1 in Stealth
   739 | D:1      | HP: 1/23 [jackal (2)]
   832 | D:1      | HP: 1/23 [giant cockroach (2)]
   836 | D:1      | Slain by an ooze

Skill      XL: |  1  2  3 |
---------------+----------+-----
Stealth        | 1 |  1.2
Fighting       | |  1.0
Dodging        | |  2.3
Unarmed Combat | |  3.6
Spellcasting   | |  2.1
Transmutations | |  2.4

Action                   || total
-------------------------++-------
Melee: Unarmed           ||    76
       Constrict         ||    14
       Kick              ||     5
       Tentacles         ||     8
 Cast: Beastly Appendage ||     6
 Stab: Sleeping          ||     1
Armor: Skin              ||     5
Dodge: Dodged            ||    47
